 Dungeon Crawl Stone Soup version 0.31-a0-1204-ge2c1a860ed (webtiles) character file.

Game seed: 6271481289573391025

112 bmb222 the Cutter (level 4, 0/38 HPs)
             Began as a Minotaur Wanderer on Dec 12, 2023.
             Slain by an orc
             ... wielding a +0 trident
              (7 damage)
             ... on level 3 of the Dungeon.
             The game lasted 00:01:55 (1569 turns).

bmb222 the Cutter (Minotaur Wanderer)               Turns: 1569, Time: 00:01:56

Health: 0/38       AC:  5    Str: 17    XL:     4   Next: 63%
Magic:  3/3        EV: 10    Int:  8    God:
Gold:   87         SH:  0    Dex: 12    Spells: 3/3 levels left

rFire   . . .        i - +0 club
rCold   . . .        (no shield)
rNeg    . . .        j - +0 ring mail
rPois   .            (helmet restricted)
rElec   .            (no cloak)
rCorr   .            (no gloves)
SInv    .            (no boots)
Will    .....        (no amulet)
Stlth   +            (no ring)
HPRegen 0.26/turn    (no ring)
MPRegen 0.08/turn

%: no passive effects
@: mighty
A: horns 2, retaliatory headbutt
a: no special abilities


You were on level 3 of the Dungeon.
You visited 1 branch of the dungeon, and saw 3 of its levels.

You collected 87 gold pieces.

Inventory:

Hand Weapons
 a - a +0 rapier
 b - a +0 falchion
 d - a +0 dagger
 i - a +0 club (weapon)
Missiles
 c - 9 poisoned darts (quivered)
Armour
 f - a +0 leather armour
 j - a +0 ring mail (worn)
Jewellery
 q - an amulet of guardian spirit
Scrolls
 o - 2 scrolls of identify {unknown}
 p - a scroll of fog {unknown}
 s - a scroll of teleportation {unknown}
Potions
 e - a potion of attraction
 g - 2 potions of degeneration {unknown}
 h - 3 potions of might
 k - a potion of ambrosia {unknown}
 l - 2 potions of curing {unknown}
 m - a potion of cancellation {unknown}
 n - a potion of lignification {unknown}
 r - a potion of heal wounds {unknown}


   Skills:
 + Level 3.0 Fighting
 - Level 5.1(5.2) Short Blades
 - Level 1.2(3.7) Long Blades
 * Level 2.5 Maces & Flails
 + Level 2.2 Throwing
 + Level 2.1 Armour
 + Level 1.3 Dodging


You had 3 spell levels left.
You didn't know any spells.
Your spell library was empty.

Dungeon Overview and Level Annotations

Branches:
Dungeon (3/15)

Altars:

Shops:
D:2 *


Innate Abilities, Weirdness & Mutations

You have a pair of horns on your head.
You reflexively headbutt those who attack you in melee.


Message History

You hit the orc but do no damage. Your headbutt misses the orc.
The orc hits you with a +0 short sword.
There are monsters nearby!
You hit the orc.
The orc is severely wounded.
The orc hits you with a +0 short sword.
The orc priest mumbles some strange prayers to Beogh against you.
Beogh smites you! The orc attacks as it pursues you! The orc barely misses you.
The orc attacks as it pursues you! The orc hits you with a +0 short sword.
The orc attacks as it pursues you! The orc closely misses you.
The orc attacks as it pursues you! The orc hits you with a +0 short sword.
The orc wizard gestures wildly while chanting.
The orc wizard flickers and vanishes!
Deactivating autopickup; reactivate with Ctrl-A.
The orc attacks as it pursues you! The orc hits you but does no damage.
It was a potion of might.
You feel very mighty all of a sudden. The orc barely misses you.
You furiously retaliate!
You headbutt the orc!
You kill the orc!
Unknown command.
Something hits you.
You see here a +0 short sword.
You closely miss something. You sock the orc priest!
You kill the orc priest!
Something hits you but does no damage.
You hear some strange, mumbled words.
Something tries to affect you, but you resist.
The orc hits you from afar with a +0 trident.
Your Fighting skill increases to level 3!
Your Armour skill increases to level 2!
You sock something! Something hits you but does no damage.
The orc hits you from afar with a +0 trident.
* * * LOW HITPOINT WARNING * * *
You miss something. You headbutt something.
Reactivating autopickup.
You feel a bit more experienced.
The orc hits you from afar with a +0 trident!
You die...

### ## # #.. .#
##.####.# .#
#.......###.######
..... ...##...#....
#..####.)^.......
#......)@......#
#.####o##......# #o#
#.###...#.# .# #.#
##.####.##)###.#
#.###{.............#
#...........##..#.##
#####(########..#.#
#.# #....# #.#
######...#


You could see an orc.

Vanquished Creatures
  An orc priest (D:3)
  An orc wizard (D:3)
  An adder (D:2)
  A gnoll (D:1)
  2 worms (D:2)
  A dart slug (D:2)
  An orc (D:3)
  A ball python (D:2)
  10 bats
  6 endoplasms
  5 giant cockroaches (D:1)
  4 goblins
  3 hobgoblins
  5 jackals
  3 kobolds
  4 rats
49 creatures vanquished.

Notes
Turn   | Place    | Note
-------+----------+-------------------------------------------
     0 | D:1      | bmb222 the Minotaur Wanderer began the quest for the Orb.
     0 | D:1      | bmb222 set off with the following items: a +0 rapier, a +0
                  | falchion, 9 poisoned darts, a +0 dagger, a potion of
                  | attraction, a +0 leather armour.
     0 | D:1      | Reached XP level 1. HP: 18/18 MP: 0/0
    30 | D:1      | Reached XP level 2. HP: 21/25 MP: 1/1
    79 | D:1      | Reached skill level 5 in Short Blades
   332 | D:1      | Reached XP level 3. HP: 28/30 MP: 2/2
   585 | D:2      | Reached skill level 1 in Maces & Flails
   686 | D:2      | Reached skill level 1 in Armour
   824 | D:2      | Found Heqas's General Store.
  1007 | D:2      | Reached XP level 4. HP: 37/37 MP: 3/3
  1569 | D:3      | Slain by an orc

Illustrated notes

Levels and vault maps discovered:
D:1:      psy_arrival_statuary, layout_rooms
D:2:      layout_basic, serial_shops,
          nicolae_shop_temple_entry_statues_fountains, dreamdust_wishing_well,
          minmay_fountain_box, nrook_campfire, kennysheep_path_1
D:3:      layout_loops_ring, overflow_temple_1_default,
          ebering_ecumenical_altar_sacrificial, kennysheep_generic_room_5,
          uniq_natasha

Skill      XL: |  1  2  3  4 |
---------------+-------------+-----
Short Blades   | 5 |  5.1
Maces & Flails | 1 2 |  2.5
Armour         | 1 2 |  2.1
Fighting       | 3 |  3.0
Long Blades    | |  1.2
Throwing       | |  2.2
Dodging        | |  1.3

Action                     |  1- 3 |  4- 6 || total
---------------------------+-------+-------++-------
  Melee: Rapier            |    18 |       ||    18
         Club              |    78 |    30 ||   108
         Headbutt          |    15 |     6 ||    21
         Punch             |     1 |       ||     1
    Use: Potion            |       |     1 ||     1
 Armour: Leather armour    |     4 |       ||     4
         Ring mail         |    66 |    27 ||    93
  Dodge: Dodged            |    59 |    20 ||    79

Table legend: (Time is in decaauts)
 A = Elapsed time spent in this place.
 B = Non-inter-level travel time spent in this place.
 C = Inter-level travel time spent in this place.
 D = Time resting spent in this place.
 E = Time spent auto-exploring this place.
 F = Levels seen in this place.
 G = Mean time per level.
                   A        B        C        D        E       F      G
               +--------+--------+--------+--------+--------+-----+--------+
         Total |   1592 |   1514 |     78 |      0 |   1176 |   3 |  530.7 |
       Dungeon |   1592 |   1514 |     78 |      0 |   1176 |   3 |  530.7 |
               +--------+--------+--------+--------+--------+-----+--------+

Top non-repeatable levels by time:
     D:2: 946 daAuts
     D:1: 581 daAuts
     D:3: 65 daAuts
